Map: [ESL] Hard Lead

Players

DKZJieshi (Jieshi)

  • Race: Protoss Protoss
  • League: Master
  • Spawn Location: 5:00

Spirit (souL) - Winner!

  • Race: Terran Terran
  • League: Master
  • Spawn Location: 11:00

Event: IEM Katowice 2024

VOD

Have the link to the VOD?

Description

Time

  • Played on: Dec. 8, 2023, 12:32 p.m.
  • Length: 18:01

All games in this series

Show
View Real Time Build Order
Export as new Build Order

DKZJieshi Protoss 

Build Orders: 1 Gate Expand, Phoenix Opening, Colossus Rush 

Get SALT Encoding   

  12  0:01  Probe  
  13  0:13  Probe  
  14  0:18  Pylon  
  14  0:25  Probe (Chrono Boost)  
  15  0:37  Gateway, Probe (Chrono Boost)  
  16  0:44  Probe (Chrono Boost)  
  16  0:46  Assimilator  
  17  0:51  Probe  
  18  1:04  Probe  
  19  1:16  Probe  
  20  1:24  Cybernetics Core  
  20  1:30  Nexus  
  20  1:37  Pylon  
  20  1:39  Probe  
  21  1:47  Assimilator  
  21  1:52  Probe  
  22  1:57  Adept (Chrono Boost)  
  24  2:04  Probe  
  25  2:16  Probe  
  25  2:17  Stargate  
  26  2:22  Adept  
  26  2:28  Probe  
  29  2:31  Warp Gate  
  29  2:42  Probe (Chrono Boost)  
  31  2:44  Probe (Chrono Boost)  
  32  2:52  Probe (Chrono Boost)  
  32  2:55  Adept, Probe (Chrono Boost)  
  32  2:57  Probe (Chrono Boost)  
  35  3:00  Phoenix (Chrono Boost)  
  35  3:04  Probe  
  39  3:09  Probe  
  40  3:14  Pylon  
  40  3:16  Phoenix  
  40  3:18  Probe  
  43  3:21  Probe  
  44  3:30  Probe  
  44  3:32  Robotics Facility  
  44  3:33  Probe  
  46  3:42  Probe  
  46  3:43  Pylon  
  46  3:45  Probe  
  48  3:49  Phoenix (Chrono Boost)  
  48  3:53  Assimilator  
  48  3:54  Shield Battery  
  48  3:55  Assimilator, Probe  
  51  3:57  Probe  
  52  4:07  Probe  
  52  4:09  Probe  
  54  4:10  Gateway  
  54  4:13  Gateway, Phoenix  
  56  4:19  Probe  
  56  4:21  Probe  
  55  4:24  Stalker  
  55  4:29  Pylon  
  57  4:32  Immortal (Chrono Boost)  
  61  4:41  Probe  
  62  4:47  Zealot, Robotics Bay  
  64  4:55  Phoenix  
  64  4:59  Probe, Pylon  
  68  5:00  Probe  
  68  5:17  Nexus  
  68  5:21  Observer (Chrono Boost)  
  69  5:27  Twilight Council  
  69  5:29  Probe x2  
  69  5:30  Forge  
  71  5:38  Colossus (Chrono Boost)  
  71  5:41  Probe  
  78  5:44  Pylon  
  78  5:47  Extended Thermal Lance  
  78  5:50  Pylon  
  78  5:55  Shield Battery  
  78  5:58  Pylon  
  78  6:00  Charge (Chrono Boost)  
  78  6:02  Probe x2  
  78  6:03  Protoss Ground Weapons Level 1  
  79  6:14  Probe  
  80  6:19  Probe  
  80  6:20  Zealot x2  
  80  6:21  Colossus (Chrono Boost)  
  91  6:26  Probe  
  91  6:27  Zealot  
  91  6:31  Probe  
  95  6:33  Gateway  
  95  6:38  Probe  
  96  6:45  Zealot  
  96  6:46  Zealot  
  100  6:49  Probe  
  100  6:51  Zealot  
  103  6:55  Gateway  
  103  6:58  Gateway  
  103  7:00  Phoenix  
  100  7:03  Probe x3  
  100  7:08  Colossus (Chrono Boost)  
  109  7:15  Zealot x2  
  113  7:19  Photon Cannon  
  111  7:37  Pylon  
  111  7:38  Pylon  
  111  7:40  Pylon  
  111  7:42  Pylon  
  111  7:43  Templar Archives  
  111  7:44  Gateway  
  111  7:46  Gateway  
  111  7:48  Pylon  
  111  7:54  Gateway  
  111  7:55  Probe (Chrono Boost)  
  111  7:57  Gateway  
  112  8:00  Protoss Ground Armor Level 1 (Chrono Boost)  
  112  8:01  Observer (Chrono Boost), Zealot, Pylon  
  112  8:02  Zealot  
  112  8:03  Zealot  
  120  8:06  Probe (Chrono Boost)  
  120  8:11  Probe (Chrono Boost)  
  120  8:12  Photon Cannon  
  120  8:14  Shield Battery  
  120  8:17  Pylon  
  120  8:19  High Templar x2  
  124  8:22  Pylon  
  124  8:23  Observer  
  124  8:25  Archon  
  125  8:30  Nexus  
  125  8:34  Phoenix  
  125  8:39  Stalker x2  
  125  8:40  Stalker  
  127  8:46  Blink (Chrono Boost)  
  127  8:51  Stalker x2  
  127  8:52  Zealot  
  133  8:59  Phoenix  
  135  9:03  Zealot x3  
  135  9:06  Zealot x2  
  144  9:13  Zealot x2  
  148  9:21  Zealot x3  
  154  9:24  Phoenix  
  154  9:25  Zealot  
  156  9:33  Zealot x2  
  160  9:44  Colossus (Chrono Boost)  
  152  9:49  Phoenix  
  152  9:51  Zealot x4  
  160  9:56  Zealot x2  
  150  10:03  Zealot x2  
  150  10:05  Observer  
  130  10:07  Zealot x2  
  126  10:14  Zealot x3  
  126  10:16  Protoss Ground Weapons Level 2 (Chrono Boost)  
  116  10:21  Probe  
  116  10:22  Probe x2  
  119  10:30  High Templar x2, Colossus (Chrono Boost)  
  119  10:34  Zealot x2  
  131  10:35  Archon  
  131  10:38  Probe  
  131  10:39  Probe x3  
  135  10:43  Shield Battery  
  135  10:46  Zealot x2  
  139  10:50  Observer  
  139  10:51  Probe  
  139  10:53  High Templar, Zealot x2  
  139  10:54  Zealot  
  148  10:58  Zealot x2  
  148  11:03  High Templar, Zealot  
  149  11:09  Archon  
  149  11:10  Zealot x2  
  153  11:14  Zealot x3  
  153  11:17  Observer  
  160  11:18  Zealot  
  160  11:19  Zealot  
  160  11:22  Pylon  
  164  11:28  Psionic Storm  
  164  11:29  Pylon  
  164  11:30  Zealot  
  164  11:31  Zealot x3  
  172  11:37  Nexus  
  172  11:45  Zealot x3  
  172  11:46  Zealot  
  179  11:48  Pylon  
  177  11:54  High Templar  
  177  11:55  High Templar  
  177  11:56  Zealot x3  
  177  11:59  Archon  
  187  12:03  Pylon  
  187  12:06  Phoenix  
  187  12:07  Stalker  
  187  12:08  Zealot x2  
  189  12:23  Zealot x2  
  189  12:24  Zealot x3  
  189  12:27  Observer  
  197  12:34  Observer (Chrono Boost)  
  188  12:43  Zealot  
  188  12:44  Zealot, High Templar x2  
  190  12:45  Zealot x3  
  190  12:48  Photon Cannon  
  190  12:50  Shield Battery  
  200  12:52  Protoss Ground Armor Level 2 (Chrono Boost)  
  200  13:00  Photon Cannon  
  200  13:03  Pylon  
  200  13:05  Assimilator  
  200  13:07  Assimilator  
  190  13:16  Zealot x4  
  198  13:25  High Templar  
  198  13:32  Stalker x2  
  198  13:33  Stalker  
  198  13:44  Archon  
  190  13:52  Colossus (Chrono Boost)  
  170  13:56  Zealot x4  
  170  13:57  Zealot x2  
  150  14:09  Zealot x4  
  124  14:18  Zealot x2  
  124  14:19  Zealot x4  
  136  14:25  Gateway  
  136  14:26  Gateway  
  136  14:30  High Templar x2  
  136  14:31  Nexus, Robotics Facility, Stalker x2  
  144  14:32  Pylon  
  144  14:41  Zealot x6  
  156  14:49  Photon Cannon, Colossus (Chrono Boost)  
  162  14:54  Stalker x2  
  162  14:55  Probe (Chrono Boost)  
  167  15:05  Probe (Chrono Boost)  
  137  15:16  Stalker x4  
  137  15:17  Zealot, Stalker x3  
  137  15:18  Zealot x2  
  157  15:22  Gateway, Stalker  
  157  15:23  Stalker  
  161  15:28  Gateway  
  158  15:39  Archon  
  164  15:45  Zealot x5  
  164  15:46  Zealot x2  
  164  15:49  Zealot  
  180  15:55  Stalker  
  185  16:10  High Templar  
  185  16:11  High Templar  
  142  16:28  Stalker x3  
  142  16:29  High Templar  
  142  16:30  Zealot x6  
  144  16:48  Archon  
  140  16:56  Pylon  
  140  16:58  Pylon  
  140  17:00  Pylon  
  85  17:18  Zealot x5  
Show
View Real Time Build Order
Export as new Build Order

Spirit Terran - Winner!

Build Orders: Cyclone Opening 

Get SALT Encoding   

  12  0:00  SCV  
  13  0:12  SCV  
  14  0:17  Supply Depot  
  14  0:24  SCV  
  15  0:38  SCV  
  15  0:40  Barracks  
  16  0:44  Refinery  
  16  0:50  SCV  
  17  1:03  SCV  
  18  1:15  SCV  
  19  1:27  Marine  
  19  1:28  Orbital Command  
  20  1:40  Command Center  
  20  1:50  Factory  
  20  1:53  SCV  
  21  2:04  Barracks Reactor  
  21  2:06  SCV  
  22  2:09  Supply Depot  
  22  2:15  Bunker  
  22  2:19  SCV  
  23  2:25  Refinery  
  23  2:31  SCV  
  24  2:44  Cyclone x2, SCV  
  29  2:52  Orbital Command  
  29  2:56  SCV  
  30  3:02  Barracks Tech Lab  
  30  3:08  SCV  
  31  3:16  Cyclone  
  31  3:17  Cyclone  
  31  3:18  Supply Depot  
  35  3:20  SCV  
  35  3:23  SCV  
  37  3:29  Barracks  
  37  3:32  SCV  
  38  3:35  SCV  
  38  3:40  Supply Depot  
  39  3:45  SCV  
  39  3:47  SCV  
  41  3:51  Barracks  
  41  3:55  Marine  
  41  3:56  Marine  
  41  3:57  SCV  
  41  3:59  SCV, Engineering Bay  
  45  4:04  Siege Tank  
  45  4:09  SCV  
  49  4:13  Marine, SCV  
  49  4:14  Marine  
  53  4:21  SCV  
  54  4:25  SCV  
  54  4:26  Barracks Tech Lab  
  54  4:27  Starport  
  54  4:30  Missile Turret  
  54  4:32  Missile Turret  
  54  4:33  SCV  
  54  4:34  Marine  
  54  4:37  SCV, Marine  
  58  4:44  Terran Infantry Weapons Level 1  
  58  4:45  SCV  
  59  4:48  Supply Depot  
  59  4:49  SCV  
  59  4:50  Combat Shield, Supply Depot  
  60  4:54  Stimpack  
  60  4:57  SCV  
  61  5:00  Refinery  
  61  5:01  SCV  
  61  5:02  Refinery  
  61  5:06  Starport Reactor  
  62  5:10  Marauder, SCV  
  62  5:12  Factory Reactor, Supply Depot  
  64  5:16  Marine, SCV  
  64  5:19  Marauder  
  68  5:22  SCV  
  69  5:30  Marine  
  69  5:31  SCV  
  69  5:32  Command Center  
  70  5:36  SCV  
  70  5:42  Medivac x2  
  75  5:45  SCV  
  75  5:47  Supply Depot  
  75  5:48  Marauder  
  75  5:49  SCV  
  79  5:50  Supply Depot  
  79  5:51  Widow Mine  
  79  5:53  Widow Mine  
  83  5:57  SCV  
  83  5:59  Marauder  
  86  6:08  SCV  
  86  6:09  Marauder, Concussive Shells  
  89  6:12  Viking  
  89  6:13  Viking  
  89  6:18  Marine x2  
  94  6:20  SCV, Marauder  
  94  6:24  Supply Depot  
  94  6:25  Supply Depot  
  98  6:28  SCV  
  98  6:32  Starport  
  99  6:33  Marine  
  99  6:37  SCV  
  101  6:41  Barracks, Marine  
  101  6:43  Marauder  
  101  6:44  Marine  
  101  6:46  SCV  
  104  6:47  Terran Infantry Armor Level 1  
  104  6:52  Marauder  
  104  6:53  SCV  
  107  6:58  Marine  
  107  7:00  Viking  
  109  7:03  SCV  
  109  7:04  Marauder  
  109  7:07  Viking  
  114  7:09  SCV  
  114  7:12  Viking  
  114  7:13  Marauder  
  119  7:17  Viking  
  119  7:20  Marine  
  121  7:23  Marine  
  121  7:26  Marauder  
  117  7:34  Viking, Marauder  
  117  7:35  Orbital Command  
  118  7:37  SCV  
  118  7:38  Marine  
  118  7:39  Barracks Tech Lab  
  118  7:40  Widow Mine  
  118  7:41  Marine  
  118  7:43  SCV  
  124  7:45  Viking  
  124  7:47  Marauder  
  124  7:48  Viking  
  124  7:51  Viking  
  132  7:54  Refinery  
  132  7:55  Marine  
  132  7:56  Refinery  
  133  8:05  Supply Depot x2  
  133  8:07  Supply Depot  
  133  8:10  Barracks  
  133  8:15  Ghost Academy  
  133  8:26  SCV x3, Marine x3  
  141  8:27  Marauder x2, Medivac x2  
  141  8:28  Supply Depot x2  
  141  8:29  Medivac  
  141  8:32  Widow Mine  
  151  8:39  SCV x3  
  154  8:44  Marine  
  154  8:45  Marauder  
  157  8:49  Ghost x2, Marine  
  157  8:51  Supply Depot  
  157  8:54  Supply Depot  
  162  8:58  Command Center  
  162  9:03  Barracks Reactor  
  162  9:05  Ghost  
  164  9:17  Ghost x2  
  164  9:20  Supply Depot  
  164  9:21  Armory  
  164  9:24  Widow Mine, Engineering Bay  
  170  9:28  SCV  
  170  9:29  Sensor Tower, SCV  
  168  9:33  Marine  
  168  9:34  Ghost  
  168  9:36  Marine  
  172  9:42  Marine  
  164  9:46  Marauder x2  
  164  9:47  Viking x2  
  164  9:49  Marine  
  169  9:58  Marine  
  169  9:59  Marine  
  162  10:03  Marine, Marauder  
  150  10:08  Marauder x2  
  150  10:13  SCV  
  142  10:14  Marine  
  142  10:16  Marine  
  142  10:20  SCV x2  
  133  10:24  Viking, Marauder  
  133  10:25  Viking x2  
  137  10:29  SCV, Marauder  
  137  10:31  Terran Infantry Weapons Level 2  
  137  10:35  Marauder, Marine  
  143  10:38  Terran Infantry Armor Level 2  
  143  10:39  SCV  
  143  10:40  SCV  
  145  10:45  Widow Mine  
  145  10:46  Marauder  
  149  10:51  SCV, Marauder  
  149  10:53  Planetary Fortress  
  149  10:54  Marine x2  
  149  10:56  Marauder  
  156  11:03  Marine  
  155  11:05  Viking  
  155  11:07  Marauder  
  155  11:09  SCV  
  155  11:10  SCV x2, Refinery  
  155  11:11  Refinery  
  162  11:14  Widow Mine  
  162  11:16  Bunker  
  166  11:20  Supply Depot  
  166  11:21  Terran Ship Weapons Level 1, SCV  
  166  11:22  Fusion Core, SCV  
  166  11:23  Supply Depot  
  169  11:32  Ghost  
  165  11:33  Viking  
  165  11:35  Viking  
  165  11:36  Marine  
  165  11:37  Marauder  
  173  11:44  Ghost  
  173  11:46  Viking  
  177  11:52  Viking  
  177  12:02  Barracks  
  177  12:03  Viking, Barracks  
  177  12:04  Barracks  
  177  12:05  Command Center  
  177  12:06  Viking  
  181  12:13  Advanced Ballistics  
  181  12:21  Ghost, Marine  
  181  12:22  SCV  
  170  12:23  Marauder, Marine  
  170  12:27  Marauder, Marine x2  
  170  12:29  SCV  
  163  12:38  SCV x2  
  163  12:39  Marine  
  163  12:41  SCV, Medivac x3  
  163  12:43  SCV  
  163  12:44  Ghost, Marine  
  165  12:50  Sensor Tower, SCV  
  165  12:51  SCV  
  170  12:52  Widow Mine  
  170  12:54  SCV  
  170  12:56  Ghost  
  170  12:57  Barracks Tech Lab x2  
  176  12:58  SCV  
  176  13:02  SCV  
  176  13:03  Marauder, Marine  
  180  13:09  Marine  
  179  13:15  Barracks Tech Lab, Ghost x2  
  179  13:16  Marine  
  179  13:17  Marauder  
  186  13:25  Marauder  
  186  13:26  Liberator  
  191  13:29  Marauder  
  191  13:30  Marine x3  
  192  13:34  Marine  
  192  13:35  Liberator  
  192  13:38  Marine  
  197  13:43  Liberator  
  196  13:49  Marine x2  
  196  13:51  Marine x5  
  196  13:52  Marine  
  186  13:56  Marine  
  186  14:01  Marine  
  162  14:06  Liberator, Marine  
  162  14:07  Marine  
  162  14:09  Liberator, Marine x3  
  152  14:10  Marauder  
  152  14:13  Marine, SCV x4  
  152  14:14  Ghost  
  152  14:15  Marauder  
  161  14:18  Liberator  
  161  14:19  Marine  
  161  14:24  Terran Ship Weapons Level 2  
  165  14:25  SCV x4  
  169  14:32  Marine  
  169  14:33  Planetary Fortress  
  169  14:34  Refinery  
  169  14:37  Marine, SCV x4  
  175  14:38  Refinery  
  175  14:39  Missile Turret  
  175  14:47  Medivac  
  175  14:49  Medivac  
  175  14:50  SCV, Marauder x2  
  174  15:07  Marauder, Marine  
  174  15:08  Marine  
  174  15:09  Marauder, Marine  
  174  15:12  Marine  
  171  15:14  Marine  
  171  15:15  Marauder  
  180  15:23  Viking x4, Ghost x2  
  180  15:25  Marine  
  180  15:26  Marine  
  182  15:29  Marauder  
  182  15:30  Marine  
  182  15:31  Marauder  
  182  15:33  Marauder  
  186  15:37  Marauder  
  186  15:38  Marine  
  186  15:42  Marine  
  188  15:47  SCV x2  
  188  15:49  Command Center  
  191  15:50  Marauder  
  191  15:52  Marauder  
  200  16:06  Marine  
  200  16:07  Marauder  
  200  16:08  Liberator  
  188  16:11  Marine  
  188  16:12  Marauder  
  188  16:13  Marine  
  188  16:16  Liberator, Marine  
  188  16:17  Marine  
  189  16:19  Marine  
  189  16:21  Marine  
  164  16:26  Marauder  
  145  16:43  Marauder, Marine  
  145  16:51  Marine  
  145  16:52  Marauder x2  
  145  16:53  Marauder, Marine  
  145  16:59  Liberator  
  145  17:01  Marine  
  146  17:05  Marauder  
  139  17:09  Marine  
  139  17:11  Marine  
  139  17:13  Marauder x2  
  139  17:15  Marauder  
  137  17:19  Marine  
  122  17:26  Marauder  
  122  17:27  Marine  
  117  17:34  Marine x2  
  117  17:35  Marine  
  117  17:36  Marine  

Tags
 
Add a new tag
Caveats
  • Supply blocks, unpowered buildings, or Contaminate may cause inaccurate times.
  • Supply counts are checked every 10 seconds.